 Dungeon Crawl Stone Soup version 0.30.1-9-gdf580d7c3d (webtiles) character file.

Game seed: 15694019977130765359

7930 monsoonserge the Nimble (level 11, -12/97 HPs)
             Began as a Meteoran Monk on Oct 18, 2023.
             Was an Elder of Okawaru.
             Mangled by a minotaur
             ... wielding a +0 bardiche
              (32 damage)
             ... in a Gauntlet.
             The game lasted 00:35:13 (5243 turns).

monsoonserge the Nimble (Meteoran Monk)             Turns: 5243, Time: 00:35:13

Health: -12/97     AC: 26    Str: 15    XL:     11   Next: 74%
Magic:  12/18      EV: 18    Int: 11    God:    Okawaru [****..]
Gold:   336        SH:  0    Dex: 20    Spells: 10/10 levels left

rFire   . . .        j - +1 short sword (venom)
rCold   . . .        d - orb {light}
rNeg    . . .        O - +6 scale mail of Temperance {+Inv Will+ rCorr}
rPois   +            Q - +1 helmet of the Wasteland {rPois Slay+5}
rElec   .            (no cloak)
rCorr   +            y - +0 pair of gloves
SInv    .            M - +2 pair of boots {rampage}
Will    ++...        B - amulet of faith
Stlth   +            N - +4 ring of protection
HPRegen 0.36/turn    I - ring of poison resistance
MPRegen 0.16/turn

%: no teleportation, rampage, faith
@: heroic, finesse-ful, glowing
A: sense surroundings 2, otherworldly, glowing, explore regen
a: Renounce Religion, Evoke Invisibility, Heroism, Finesse


You were in a Gauntlet.
You worshipped Okawaru.
Okawaru was greatly pleased with you.
You visited 3 branches of the dungeon, and saw 10 of its levels.
You also visited: Gauntlet.

You collected 336 gold pieces.

Inventory:

Hand Weapons
 b - the +6 hand axe of Responsibility {flame, Will+ Str+2}
   (You found it on level 6 of the Dungeon)

   Str:       It affects your strength (+2).
   Will:      It increases your willpower.
 j - a +1 short sword of venom (weapon)
Missiles
 k - a curare-tipped dart
 p - 8 boomerangs (quivered)
 s - 20 poisoned darts
 E - a throwing net
 L - 2 atropa-tipped darts
 P - a datura-tipped dart
Armour
 d - an orb of light (worn)
 y - a +0 pair of gloves (worn)
 C - a +1 leather armour of fire resistance
 M - a +2 pair of boots of rampaging (worn)
 O - the +6 scale mail of Temperance (worn) {+Inv Will+ rCorr}
   (You found it on level 1 of the Lair of Beasts)

   +Inv:      It lets you turn invisible.
   rCorr:     It protects you from acid and corrosion.
   Will:      It increases your willpower.
 Q - the +1 helmet of the Wasteland (worn) {rPois Slay+5}
   (You found it in a Gauntlet)

   Slay:      It affects your accuracy & damage with ranged weapons and melee
   (+5).
   rPois:     It protects you from poison.
Jewellery
 a - the amulet "Puef" {RegenMP *Slow rElec Str+3 Dex+5}
   (You found it in a Gauntlet)

   [amulet of magic regeneration]

   It increases your rate of magic regeneration.
   Str:       It affects your strength (+3).
   Dex:       It affects your dexterity (+5).
   rElec:     It insulates you from electricity.
   *Slow:     It may slow you when you take damage.
 l - a ring of see invisible
 w - a ring of willpower
 B - an amulet of faith (around neck)
 I - a ring of poison resistance (right hand)
 N - a +4 ring of protection (left hand)
Wands
 o - a wand of iceblast (9)
 t - a wand of flame (30)
Scrolls
 f - 3 scrolls of teleportation
 g - 3 scrolls of torment {unknown}
 h - a scroll of immolation
 i - a scroll of blinking
 m - a scroll of fog
 n - a scroll of enchant weapon {unknown}
 q - 2 scrolls of magic mapping
 r - a scroll of silence {unknown}
 v - 2 scrolls of enchant armour
 x - 2 scrolls of fear
 z - 2 scrolls of amnesia
 K - 2 scrolls of poison {unknown}
Potions
 c - a potion of ambrosia
 e - a potion of haste {unknown}
 D - 3 potions of curing {unknown}
 F - a potion of might {unknown}
 G - a potion of flight {unknown}
 H - a potion of magic {unknown}
 J - a potion of cancellation {unknown}


   Skills:
 + Level 9.2(14.2) Fighting
 - Level 9.6(15.0) Short Blades
 - Level 4.0(12.8) Long Blades
 + Level 2.5(7.5) Throwing
 + Level 6.6(11.6) Armour
 + Level 9.8(14.8) Dodging
 + Level 1.4(6.4) Stealth
 * Level 9.3 Invocations
 + Level 0.1 Evocations


You had 10 spell levels left.
You didn't know any spells.
Your spell library contained the following spells:

 Spells                   Type           Power      Damage    Failure   Level
 Apportation              Tloc           0%         N/A       71%         1
 Sandblast                Erth           0%         2d4       71%         1
 Sting                    Tmut/Pois      0%         1d3       71%         1
 Passwall                 Tmut/Erth      0%         N/A       83%         2
 Poisonous Vapours        Pois/Air       0%         N/A       83%         2
 Portal Projectile        Hex/Tloc       0%         N/A       97%         3
 Stone Arrow              Conj/Erth      0%         3d7       97%         3
 Leda's Liquefaction      Hex/Erth       0%         N/A       100%        4
 Olgreb's Toxic Radiance  Pois           0%         N/A       100%        4
 Alistair's Intoxication  Tmut/Pois      0%         N/A       100%        5
 Call Canine Familiar     Summ           Unusable   N/A       N/A         3

Dungeon Overview and Level Annotations

Branches:
Dungeon (8/15) Zot: 612    Temple (1/1) D:5 Zot: 477    Lair (1/5) D:8 Zot: 376
Gauntlet (1/1) Zot: 214

Altars:
Ashenzari
Cheibriados
Dithmenos
Elyvilon
Fedhas
Gozag
Hepliaklqana
Kikubaaqudgha
Makhleb
Nemelex Xobeh
Okawaru
Qazlal
Ru
Sif Muna
Trog
Uskayaw
Vehumet
Wu Jian
Xom
Yredelemnul
Zin
The Shining One

Shops:
D:5 :

Annotations:
D:4 2 transporters, Morowski's ghost, amateur SpHu
D:5 4 runed translucent doors, Dowan Gauntlet 8 transporters, 1 runed translucent door, exclusion: obsidian statue


Innate Abilities, Weirdness & Mutations

You passively map the area around you.
You are easily found by Zot.
You glow in the dark.
You regain HP and MP as you explore.


Message History

The minotaur gores you.
* * * LOW HITPOINT WARNING * * *
Unknown command.
You feel much better.
The minotaur hits you with a +0 bardiche!
* * * LOW HITPOINT WARNING * * *
The minotaur closely misses you.
Okay, then.
Okay, then.
You hit the minotaur but do no damage.
The minotaur is moderately wounded.
You hit the minotaur but do no damage.
The minotaur looks as sick as possible!
The minotaur is moderately wounded.
You hit the minotaur but do no damage.
The minotaur looks as sick as possible!
The minotaur is moderately wounded.
You hit the minotaur.
The minotaur is heavily wounded.
You hit the minotaur but do no damage.
The minotaur looks as sick as possible!
The minotaur is heavily wounded.
The minotaur hits you but does no damage.
The minotaur gores you but does no damage.
You hit the minotaur but do no damage.
The minotaur looks as sick as possible!
The minotaur is heavily wounded.
You hit the minotaur but do no damage.
The minotaur is heavily wounded.
You hit the minotaur.
The minotaur looks as sick as possible!
The minotaur is heavily wounded.
You hit the minotaur but do no damage.
The minotaur looks as sick as possible!
The minotaur is heavily wounded.
You puncture the minotaur!
The minotaur looks as sick as possible!
The minotaur is severely wounded.
The minotaur closely misses you. x2
You hit the minotaur but do no damage.
The minotaur looks as sick as possible!
The minotaur is severely wounded.
You hit the minotaur.
The minotaur looks as sick as possible!
The minotaur is severely wounded.
You hit the minotaur but do no damage.
The minotaur looks as sick as possible!
The minotaur is severely wounded.
The minotaur hits you with a +0 bardiche!!
You die...

* ∩ .}# * .8# ### .[# ###8.#8.8#
* #....# ..# , ,* #.#..#8.8# ,#
#.#..##H##..#. #.....@.......
#.#.##.#.##.#.* #,#....# ..,*
#.#.#######.#,* #.............*
##...©.©.©...#
#############..8.8.8..# #########
#§#≈#≈#≈#≈####.......####≈#≈#≈#≈#
...........#≈#########≈#........§


You could see a minotaur (extremely poisoned).

Vanquished Creatures
  A hell beast (Gauntlet)
  2 death scarabs
  An elephant (D:8)
  A black mamba (Lair:1)
  3 cane toads (Lair:1)
  Prince Ribbit (D:5)
  A spectral black mamba (Gauntlet)
  Sigmund (D:2)
  A wyvern (D:8)
  11 yaks
  A spectral fire crab (Gauntlet)
  A basilisk (D:8)
  2 hell hounds (Gauntlet)
  Duvessa (D:5)
  2 ice beasts (D:6)
  2 black bears
  An ogre (D:6)
  A kobold brigand (D:6)
  3 bullfrogs
  A gnoll sergeant (D:8)
  4 scorpions
  A crimson imp (D:6)
  3 hounds
  A jelly (D:7)
  3 orc priests
  Terence (D:2)
  Natasha (twice) (D:2)
  5 iguanas
  7 orc wizards
  6 gnolls
  7 adders
  A white imp (D:6)
  2 worms (D:2)
  2 dart slugs
  14 orcs
  6 bats
  4 endoplasms
  3 giant cockroaches
  13 goblins
  6 hobgoblins
  A jackal (D:5)
  2 quokkas
  8 ball pythons
  2 frilled lizards
  14 kobolds
  11 rats
167 creatures vanquished.

Notes
Turn   | Place    | Note
-------+----------+-------------------------------------------
     0 | D:1      | monsoonserge the Meteoran Monk began the quest for the Orb.
     0 | D:1      | Reached XP level 1. HP: 19/19 MP: 2/2
    54 | D:1      | Reached XP level 2. HP: 26/26 MP: 3/3
   310 | D:1      | Reached XP level 3. HP: 31/31 MP: 4/4
   519 | D:2      | Noticed Natasha
   525 | D:2      | Killed Natasha
   526 | D:2      | Reached skill level 1 in Short Blades
   526 | D:2      | Reached XP level 4. HP: 40/40 MP: 5/5
   549 | D:2      | Noticed Sigmund
   561 | D:2      | Killed Sigmund
   562 | D:2      | Reached skill level 5 in Dodging
   562 | D:2      | Reached XP level 5. HP: 17/47 MP: 6/6
   562 | D:2      | Reached XP level 6. HP: 19/53 MP: 7/7
   867 | D:2      | Noticed Terence
   880 | D:2      | Killed Terence
   933 | D:2      | Noticed Natasha
   946 | D:2      | Killed Natasha
  1133 | D:3      | Reached XP level 7. HP: 60/60 MP: 8/8
  1591 | D:4      | Reached skill level 5 in Fighting
  1594 | D:4      | Found a transporter.
  1595 | D:4      | Noticed Morowski's ghost (amateur SpHu)
  1601 | D:4      | Found a transporter.
  1708 | D:4      | Reached skill level 1 in Armour
  1945 | D:5      | Entered Level 5 of the Dungeon
  2032 | D:5      | Found Rilohu's Book Emporium.
  2111 | D:5      | Noticed Duvessa
  2111 | D:5      | Noticed Dowan
  2126 | D:5      | Killed Duvessa
  2130 | D:5      | Found a large runed translucent door.
  2132 | D:5      | Found a large runed translucent door.
  2133 | D:5      | Noticed a yak
  2147 | D:5      | Found a large runed translucent door.
  2147 | D:5      | Found a large runed translucent door.
  2168 | D:5      | Found a sacrificial altar of Ru.
  2230 | D:5      | Reached XP level 8. HP: 69/69 MP: 9/9
  2244 | D:5      | Found a staircase to the Ecumenical Temple.
  2245 | D:5      | Noticed Prince Ribbit
  2251 | D:5      | Reached skill level 5 in Short Blades
  2256 | Temple   | Entered the Ecumenical Temple
  2343 | Temple   | Became a worshipper of Warmaster Okawaru
  2343 | Temple   | Reached * piety under Okawaru
  2343 | Temple   | Reached ** piety under Okawaru
  2380 | D:5      | Killed Prince Ribbit
  2381 | D:5      | Reached skill level 1 in Invocations
  2543 | D:6      | Identified the +6 hand axe of Responsibility {flame, Will+
                  | Str+2}
  2610 | D:6      | Noticed a kobold demonologist
  2613 | D:6      | Noticed an orange demon
  2721 | D:6      | Reached skill level 1 in Stealth
  2867 | D:6      | Gained mutation: You passively map the area around you.
                  | [Meteoran growth]
  2867 | D:6      | Reached XP level 9. HP: 44/75 MP: 10/12
  2897 | D:6      | Reached *** piety under Okawaru
  3346 | D:7      | Reached **** piety under Okawaru
  3564 | D:7      | Reached XP level 10. HP: 71/84 MP: 14/14
  3610 | D:7      | Reached skill level 5 in Invocations
  3947 | D:8      | Found a glowing silver altar of Zin.
  4004 | D:8      | HP: 2/86 [yak (14)]
  4015 | D:8      | Received a gift from Okawaru
  4175 | D:8      | Found a staircase to the Lair.
  4175 | D:8      | Noticed an elephant
  4198 | D:8      | Reached skill level 1 in Throwing
  4218 | D:8      | Killed an elephant
  4218 | D:8      | Reached ***** piety under Okawaru
  4510 | Lair:1   | Entered Level 1 of the Lair of Beasts
  4510 | Lair:1   | Noticed a cane toad
  4527 | Lair:1   | Killed a cane toad
  4528 | Lair:1   | Reached XP level 11. HP: 82/94 MP: 17/17
  4563 | Lair:1   | Reached skill level 5 in Armour
  4574 | Lair:1   | Noticed a black mamba
  4589 | Lair:1   | Killed a black mamba
  4632 | Lair:1   | Identified the +6 scale mail of Temperance {+Inv Will+
                  | rCorr}
  4739 | Lair:1   | Found a gate leading to a gauntlet.
  4766 | Lair:1   | Received a gift from Okawaru
  4770 | Gauntlet | Entered a Gauntlet
  4770 | Gauntlet | Found a transporter.
  4771 | Gauntlet | Found a runed translucent door.
  4773 | Gauntlet | Found a transporter.
  4773 | Gauntlet | Noticed a wolf spider
  4774 | Gauntlet | Found a transporter.
  4774 | Gauntlet | Noticed a hell beast
  4774 | Gauntlet | Noticed an entropy weaver
  4777 | Gauntlet | Found a runed translucent door.
  4778 | Gauntlet | Found a transporter.
  4780 | Gauntlet | Found a transporter.
  4781 | Gauntlet | Found a transporter.
  4784 | Gauntlet | Noticed a death scarab
  4785 | Gauntlet | Noticed a death scarab
  4790 | Gauntlet | Noticed a fire crab
  4792 | Gauntlet | Found a transporter.
  4792 | Gauntlet | Found a transporter.
  4823 | Gauntlet | Found a transporter.
  4823 | Gauntlet | Noticed an obsidian statue
  4837 | Gauntlet | Found a transporter.
  4841 | Gauntlet | Found a transporter.
  4852 | Gauntlet | Found a transporter.
  4913 | Gauntlet | Killed a hell beast
  4913 | Gauntlet | Identified the +1 robe "Yraf Lab" {rF+} (Okawaru gifted it
                  | to you in a Gauntlet)
  4913 | Gauntlet | Received a gift from Okawaru
  4938 | Gauntlet | Identified the +1 helmet of the Wasteland {rPois Slay+5}
  4955 | Gauntlet | Identified the amulet "Puef" {RegenMP *Slow rElec Str+3
                  | Dex+5}
  5069 | Arena    | Entered the Arena
  5082 | Arena    | Killed a death scarab
  5112 | Gauntlet | Killed a death scarab
  5216 | Gauntlet | Identified the +4 plate armour "Sajiurch" {Harm Dex+3}
  5216 | Gauntlet | Identified the ring "Egaph" {rN+ Will+ Int+2}
  5216 | Gauntlet | Noticed a minotaur
  5229 | Gauntlet | HP: 1/97 [minotaur/+0 bardiche (5)]
  5243 | Gauntlet | Mangled by a minotaur

Illustrated notes

Levels and vault maps discovered:
D:1:      erik_arrival_cave_to_civilisation [erik_arrival_cave_to_hall],
          layout_basic
D:2:      layout_loops_corners, uniq_terence, uniq_natasha, uniq_sigmund
D:3:      layout_loops_ring
D:4:      layout_basic, gammafunk_ghost_mausoleum
D:5:      layout_basic, nicolae_ru_great_annihilating_truth,
          minmay_temple_entry_sparse_star, serial_shops, shop,
          minmay_hollow_rounded_squares, uniq_prince_ribbit1, uniq_duvessa
D:6:      layout_basic, minmay_fire_ice_demons
D:7:      layout_basic
D:8:      layout_loops_ring, mainiacjoe_overflow_concentric_impassable,
          david_lair_generic, uniq_amaemon
Temple:   nicolae_temple_bog_church
Lair:1:   layout_loops_ring, gauntlet_entry_generic, grunt_megastairs_3,
          uniq_maggie, uniq_gastronok
Gauntlet: minmay_gauntlet_mixed_oops_all_seconds
          [minmay_gauntlet_arena_77_shame_cube, nicolae_gauntlet_arena_x,
          minmay_gauntlet_arena_77_fan, nicolae_gauntlet_arena_t_cross,
          minmay_gauntlet_arena_77_two_paths, gammafunk_gauntlet_arena_teeth,
          nicolae_gauntlet_exit_dead_adventurers]

Skill      XL: |  1  2  3  4  5  6  7  8  9 10 11 |
---------------+----------------------------------+-----
Long Blades    | 4 |  4.0
Dodging        | 4 5 6 7 8 9 |  9.8
Fighting       | 4 5 6 8 9 |  9.2
Short Blades   | 1 2 3 4 6 7 9 |  9.6
Armour         | 2 3 4 6 |  6.6
Invocations    | 2 4 7 9 |  9.3
Stealth        | 1 |  1.4
Throwing       | 1 2 |  2.5
Evocations     | |  0.1

Action                     |  1- 3 |  4- 6 |  7- 9 | 10-12 || total
---------------------------+-------+-------+-------+-------++-------
  Melee: Falchion          |    20 |       |       |       ||    20
         Short sword       |    39 |    71 |   311 |   420 ||   841
  Throw: Boomerang         |       |       |     1 |    11 ||    12
 Invoke: Heroism           |       |       |     2 |     5 ||     7
         Finesse           |       |       |       |     3 ||     3
         Duel              |       |       |       |     1 ||     1
  Evoke: Wand              |       |       |     1 |     1 ||     2
    Use: Scroll            |       |       |     5 |     5 ||    10
         Potion            |       |       |       |     4 ||     4
   Stab: Distracted        |       |       |     1 |       ||     1
         Paralysed         |       |       |     1 |       ||     1
 Armour: Robe              |    15 |       |       |       ||    15
         Chain mail        |       |    17 |    23 |       ||    40
         Leather armour    |       |       |    52 |    33 ||    85
         Scale mail        |       |       |       |    50 ||    50
  Dodge: Dodged            |    35 |    18 |   124 |   200 ||   377
